 Dungeon Crawl Stone Soup version 0.29.0-11-gd7f09526c8 (webtiles) character file.

Game seed: 8975473928819487888

70 Anothat the Shield-Bearer (level 4, -3/24 HPs)
             Began as a Vine Stalker Fighter on Sept 6, 2022.
             Splashed by a jelly's acid (6 damage)
             ... on level 2 of the Dungeon.
             The game lasted 00:01:37 (1446 turns).

Anothat the Shield-Bearer (Vine Stalker Fighter)    Turns: 1446, Time: 00:01:37

Health: -3/24      AC:  2    Str: 18    XL:     4   Next: 21%
Magic:  0/5        EV:  9    Int:  8    God:
Gold:   48         SH:  5    Dex: 16    Spells: 3/3 levels left

rFire   . . .      SeeInvis .   n - +1 dagger (venom)
rCold   . . .      Faith    .   c - +0 buckler
rNeg    . . .      Spirit   +   b - +0 scale mail
rPois   .          Reflect  .   (no helmet)
rElec   .          Harm     .   (no cloak)
rCorr   .          Rampage  .   (no gloves)
Will    .....                   (no boots)
Stlth   ..........              (no amulet)
HPRegen 0.88/turn               (no ring)
MPRegen 0.09/turn               (no ring)

@: corroded
A: fangs 2, regeneration 1, magic shield, antimagic bite, no potion heal 2
a: no special abilities


You were on level 2 of the Dungeon.
You visited 1 branch of the dungeon, and saw 2 of its levels.

You collected 48 gold pieces.

Inventory:

Hand Weapons
 a - a +0 rapier
 i - a +0 dagger
 n - a +1 dagger of venom (weapon)
Armour
 b - a +0 scale mail (worn)
 c - a +0 buckler (worn)
Scrolls
 f - a scroll of vulnerability {unknown}
 k - 3 scrolls of teleportation {unknown}
 l - a scroll of fear {unknown}
 p - a scroll of identify {unknown}
Potions
 d - a potion of might
 e - a potion of cancellation {unknown}
 g - a potion of mutation {unknown}
 h - 3 potions of curing {unknown}
 j - 4 potions of magic {unknown}
 m - 3 potions of heal wounds {unknown}
 o - a potion of resistance {unknown}


   Skills:
 + Level 3.2 Fighting
 * Level 3.1 Short Blades
 - Level 2.4 Armour
 + Level 3.2 Shields


You had 3 spell levels left.
You didn't know any spells.
Your spell library contained the following spells:

 Spells                   Type           Power      Damage    Failure   Level
 Cause Fear               Hex            0%         N/A       100%        4
 Dragon Form              Tmut           0%         N/A       100%        7
 Dragon's Call            Summ           0%         N/A       100%        9


Dungeon Overview and Level Annotations

Branches:
Dungeon (2/15)

Altars:


Innate Abilities, Weirdness & Mutations

You have extremely sharp teeth.
Your natural rate of healing is unusually fast.
When hurt, damage is shared between your health and your magic reserves.
Your bite disrupts and absorbs the magic of your enemies.
Potions cannot restore your health.


Message History

You kill the kobold!
No target in view!
No target in view!
You see here a +0 dagger.
You open the door.
A jelly and an endoplasm come into view.
The jelly quivers.
The endoplasm quivers.
Found a hobgoblin skeleton.
There are monsters nearby!
There are monsters nearby!
A jelly and 7 endoplasms come into view.
Found three items.
The endoplasm quivers. x2; The jelly quivers.
The endoplasm quivers. x2
There is an open door here.
You hit the jelly.
The jelly is poisoned.
The acid corrodes you!
Your hands burn!
You bite the jelly. You drain its power.
You feel invigorated.
The jelly is moderately wounded.
The jelly hits you.
You are splashed with acid!
You are too injured to fight recklessly!
The jelly hits the fungus.
The fungus begins to die.
The fungus is splashed with acid.
The acid corrodes the fungus!
The jelly attacks as you move away! The jelly hits you but does no damage.
You hit the jelly.
Your hands burn!
The jelly is lightly wounded.
You hit the jelly.
Your hands burn!
* * * LOW HITPOINT WARNING * * *
You bite the jelly. You drain its power.
You feel invigorated.
The jelly is moderately wounded.
The jelly hits you but does no damage. The jelly attacks as you move away!
The jelly hits you but does no damage.
You see here a +0 dagger.
You feel a bit more experienced.
Your Short Blades skill increases to level 3!
You have reached level 4!
You feel agile.
You begin to heal more quickly.
The jelly attacks as you move away! The jelly hits you.
* * * LOW HITPOINT WARNING * * *
You are splashed with acid!
You die...

######..... ))))...#
#######
###.##############J÷....#
#..####......##J.JP...#
##..##.......#.#JJ.J..#
#..'.)......#J#÷P.J.P#
#..'........#.#......#
##.'......#'#J#.PPJ..#
#.##.....#.#@#J.J...#
#####....#.#.#...P..#
#######.##÷.÷..?# ###


You could see a jelly and 2 endoplasms.

Vanquished Creatures
  A jelly (D:2)
  A dart slug (D:1)
  A worm (D:2)
  5 ball pythons (D:1)
  2 bats (D:1)
  2 giant cockroaches (D:1)
  3 goblins
  3 hobgoblins (D:1)
  3 jackals (D:2)
  9 kobolds
  2 quokkas (D:1)
  A rat (D:2)
33 creatures vanquished.

Vanquished Creatures (others)
  2 fungi (D:2)
  8 plants (D:2)
  9 toadstools (D:2)
19 creatures vanquished.

Grand Total: 52 creatures vanquished

Notes
Turn   | Place    | Note
-------+----------+-------------------------------------------
     0 | D:1      | Anothat the Vine Stalker Fighter began the quest for the
                  | Orb.
     0 | D:1      | Reached XP level 1. HP: 11/11 MP: 2/2
   336 | D:1      | Reached XP level 2. HP: 14/16 MP: 3/3
   922 | D:1      | Reached XP level 3. HP: 18/20 MP: 2/4
  1299 | D:2      | Identified the +9 mace of the Two Names {flame, rC+ rCorr
                  | Stlth+}
  1446 | D:2      | Gained mutation: Your natural rate of healing is unusually
                  | fast. [Vine Stalker growth]
  1446 | D:2      | Reached XP level 4. HP: 4/24 MP: 3/5
  1446 | D:2      | Splashed by a jelly's acid

Illustrated notes

Levels and vault maps discovered:
D:1:      nagdon_arrival_double_spiral, layout_basic
D:2:      cheibrodos_fertilizer, layout_basic,
          nicolae_ecumenical_snake_handling, serial_bayou_lake_a

Skill      XL: |  1  2  3 |
---------------+----------+-----
Short Blades   | 2 3 |  3.1
Fighting       | 3 |  3.2
Shields        | 3 |  3.2
Armour         | |  2.4

Action                   |  1- 3 |  4- 6 || total
-------------------------+-------+-------++-------
Melee: Rapier            |     9 |       ||     9
       Dagger            |    86 |       ||    86
       Bite              |    25 |       ||    25
Armor: Scale mail        |    34 |       ||    34
Dodge: Dodged            |    31 |       ||    31
Block: Buckler           |    17 |       ||    17
